 Dungeon Crawl Stone Soup version 0.20.0-8-g6b59dc7 (webtiles) character file.

42 IcySystem the Conjurer (level 3, -4/21 HPs)
             Began as an Octopode Wizard on May 30, 2017.
             Slain by a worm (5 damage)
             ... on level 2 of the Dungeon.
             The game lasted 00:03:48 (1132 turns).

IcySystem the Conjurer (Octopode Wizard)            Turns: 1132, Time: 00:03:49

Health: -4/21      AC:  1    Str:  6    XL:     3   Next: 56%
Magic:  1/7        EV: 13    Int: 21    God:
Gold:   44         SH:  0    Dex: 10    Spells: 7/8 levels left

rFire    . . .     SeeInvis .   j - +0 spear (curse)
rCold    . . .     Gourm    .   (no shield)
rNeg     . . .     Faith    .   a - +0 hat
rPois    .         Spirit   .   (no amulet)
rElec    .         Reflect  .   (no ring)
rCorr    .         Harm     .   (no ring)
MR       .....                  (no ring)
Stlth    +++.......             (no ring)
Regen    0.1/turn               (no ring)
MPRegen  0.1/turn               (no ring)
                                (no ring)
                                (no ring)

@: very slightly contaminated
A: almost no armour, stealthy swim, amphibious, 8 rings, constrict 8, camouflage
1, gelatinous body 1
a: no special abilities


You were on level 2 of the Dungeon.
You were hungry.

You visited 1 branch of the dungeon, and saw 2 of its levels.

You collected 44 gold pieces.

Inventory:

Hand Weapons
 j - a cursed +0 spear (weapon)
Armour
 a - a +0 hat (worn)
Jewellery
 m - an uncursed ring of ice
Scrolls
 e - a scroll of immolation {unknown}
 f - a scroll of recharging {unknown}
 h - 3 scrolls of identify {unknown}
 k - a scroll of fear {unknown}
 n - a scroll of fog {unknown}
 o - a scroll of remove curse {unknown}
Potions
 d - a potion of flight {unknown}
 g - a potion of degeneration {unknown}
 l - a potion of lignification
Books
 b - a book of Minor Magic

   Spells                             Type                      Level
   a - Magic Dart                     Conjuration                  1
   b - Blink                          Translocation                2
   c - Call Imp                       Summoning                    2
   d - Slow                           Hexes                        2
   e - Conjure Flame                  Conjuration/Fire             3
   f - Mephitic Cloud                 Conjuration/Poison/Air       3
Comestibles
 c - a bread ration


   Skills:
 - Level 2.0 Dodging
 - Level 2.6 Stealth
 - Level 3.0 Spellcasting
 + Level 3.3 Conjurations
   Level 1.0 Summonings
   Level 1.0 Translocations


You had 7 spell levels left.
You knew the following spells:

 Your Spells              Type           Power        Failure   Level  Hunger
a - Magic Dart            Conj           ###.         3%          1    None


Dungeon Overview and Level Annotations

Branches:
Dungeon (2/15)

Altars:

Annotations:
D:2 Robin


Innate Abilities, Weirdness & Mutations

You cannot wear most types of armour.
You are very stealthy in the water. (Stealth+)
You are amphibious.
You can wear up to eight rings at the same time.
You can use your tentacles to constrict eight enemies at once.
Your skin changes colour to match your surroundings (Stealth+).
Your rubbery body absorbs attacks. (AC +1, EV +1)


Message History

Aim: a worm (lightly wounded)
The magic dart hits the worm.
The worm is lightly wounded.
Casting: Magic Dart
Confirm with . or Enter, or press ? or * to list all spells.
Aiming: Magic Dart
Press: ? - help, Shift-Dir - straight line, f/p - worm
Aim: a worm (lightly wounded)
The magic dart hits the worm.
The worm is moderately wounded.
You hit the worm.
The worm is heavily wounded.
The worm barely misses you.
You hit the worm but do no damage.
The worm is heavily wounded.
You hit the worm but do no damage.
The worm is heavily wounded.
You feel less wooden.
Your +0 hat unmelds from your body.
The worm bites you.
You die...

#.....##.# #......#.# #
##.#.##.#.# #.#.
#..#.##.#.# #
.....###.##.##...# #
#.........##..# # ###
####.###......#####
.....###..# #.####......
.......@.####......#####
##.....w......###### #
..............<#
###......###.#.#
#......# #...# .....%..#
##### .........#
###.......#########
#.....g.g..#


You could see a worm.

Vanquished Creatures
  A gnoll (D:1)
  An adder (D:2)
  A dart slug (D:1)
  4 bats (D:1)
  A giant cockroach (D:2)
  5 goblins (D:1)
  4 hobgoblins (D:1)
  A frilled lizard (D:1)
  3 rats
21 creatures vanquished.

Notes
Turn   | Place    | Note
-------+----------+-------------------------------------------
     0 | D:1      | IcySystem the Octopode Wizard began the quest for the Orb.
     0 | D:1      | Reached XP level 1. HP: 11/11 MP: 4/4
   205 | D:1      | Reached XP level 2. HP: 17/17 MP: 4/6
   505 | D:1      | Reached XP level 3. HP: 21/21 MP: 3/7
   983 | D:2      | Noticed Robin
  1121 | D:2      | HP: 1/31 [poisoned by an adder]
  1132 | D:2      | Slain by a worm

Skill      XL: |  1  2  3 |
---------------+----------+-----
Conjurations   | 2 3 |  3.3
Dodging        | |  2.0
Stealth        | |  2.6
Spellcasting   | |  3.0
Summonings     | |  1.0
Translocations | |  1.0

Action                   || total
-------------------------++-------
Melee: Unarmed           ||     3
       Constrict         ||     2
       Spear             ||     8
 Cast: Magic Dart        ||    48
  Use: Potion            ||     1
Armor: Skin              ||     2
Dodge: Dodged            ||    11
